 Dungeon Crawl Stone Soup version 0.24.0-13-gcf9b3192b9 (webtiles) character file.

Game seed: 5587511364062217346, levelgen mode: deterministic

1740 FishyPogo the Frost Mage (level 8, -7/51 HPs)
             Began as a Black Draconian Ice Elementalist on Nov 8, 2019.
             Was an Elder of Hepliaklqana.
             Mangled by a wight
             ... wielding a +5 scimitar
              (12 damage)
             ... on level 8 of the Dungeon.
             The game lasted 00:25:29 (6403 turns).

FishyPogo the Frost Mage (DrIE)                     Turns: 6403, Time: 00:25:30

Health: -7/51      AC: 10    Str: 10    XL:     8   Next: 77%
Magic:  2/12       EV: 14    Int: 22    God:    Hepliaklqana [****..]
Gold:   413        SH:  0    Dex: 17    Spells: 6/13 levels left

rFire    + . .     SeeInvis .   a - +2 dagger (holy)
rCold    . . .     Gourm    .   (no shield)
rNeg     . . .     Faith    .   (armour unavailable)
rPois    .         Spirit   .   (helmet restricted)
rElec    +         Reflect  .   e - +2 cloak
rCorr    .         Harm     .   (no gloves)
MR       .....                  F - +0 pair of boots
Stlth    ++........             t - amulet of the acrobat
HPRegen  0.17/turn              k - ring of protection from fire
MPRegen  0.13/turn              v - +4 ring of dexterity

@: brilliant, short of breath, drained
A: breathe lightning, unfitting armour, reduced essence, electricity resistance,
cold-blooded, AC +6
a: Breathe Lightning, Recall Ancestor, Ancestor Identity, Transference,
Idealise, Renounce Religion


You were on level 8 of the Dungeon.
You worshipped Hepliaklqana.
Hepliaklqana was greatly pleased with you.
You were very hungry.

You visited 1 branch of the dungeon, and saw 8 of its levels.

You collected 515 gold pieces.
You spent 102 gold pieces at shops.

Inventory:

Hand Weapons
 a - a +2 dagger of holy wrath (weapon)
 b - a +2 short sword of speed
Missiles
 d - 293 stones (quivered)
 f - 37 poisoned darts
 A - 15 boomerangs
 B - 3 silver javelins
 E - a throwing net
Armour
 e - a +2 cloak (worn)
 y - a scarf of resistance
 F - a +0 pair of boots (worn)
 G - a +0 buckler
Jewellery
 c - an uncursed amulet of rage
 k - a ring of protection from fire (left hand)
 o - an uncursed ring of fire
 t - an amulet of the acrobat (around neck)
 v - a +4 ring of dexterity (right hand)
 C - an uncursed ring of wizardry {unknown}
Wands
 u - a wand of flame (22)
 D - a wand of polymorph (11)
Scrolls
 g - 8 scrolls of identify
 h - 2 scrolls of magic mapping
 j - 9 scrolls of remove curse
 n - 2 scrolls of blinking
 w - 2 scrolls of amnesia {unknown}
 z - a scroll of enchant armour {unknown}
Potions
 i - 2 potions of brilliance
 l - 5 potions of curing
 m - a potion of lignification {unknown}
 p - a potion of haste {unknown}
 q - a potion of berserk rage
 s - a potion of flight
 x - a potion of heal wounds
 H - a potion of invisibility {unknown}
 I - 2 potions of degeneration {unknown}
Comestibles
 r - 26 rations
 J - 7 chunks of flesh


   Skills:
 - Level 4.1(3.5) Dodging
 - Level 2.0(1.3) Stealth
 - Level 4.0(3.3) Shields
 - Level 3.2(2.5) Spellcasting
 - Level 1.0(0.3) Conjurations
 - Level 5.0(4.3) Summonings
 * Level 8.0(7.2) Ice Magic


You had 6 spell levels left.
You knew the following spells:

 Your Spells              Type           Power        Failure   Level  Hunger
a - Freeze                Ice            ####         1%          1    None
b - Throw Frost           Conj/Ice       ####..       1%          2    ##.....
c - Summon Ice Beast      Ice/Summ       #####...     1%          4    ####...

Your spell library contained the following spells:

 Spells                   Type           Power        Failure   Level  Hunger
 Confusing Touch          Hex            ###...       1%          1    None
 Ozocubu's Armour         Chrm/Ice       ####....     1%          3    ###....
 Throw Icicle             Conj/Ice       ####....     3%          4    ####...
 Confuse                  Hex            ###.....     4%          3    ###....
 Gell's Gravitas          Tloc           ###.......   4%          3    ###....
 Metabolic Englaciation   Hex/Ice        ####......   10%         5    ######.
 Petrify                  Tmut/Erth      ###.....     14%         4    ####...
 Yara's Violent Unravell  Hex/Tmut       ###.......   34%         5    ######.


Dungeon Overview and Level Annotations

Branches:
Dungeon (8/15)             Temple (0/1) D:7
   Lair: D:8-11

Altars:
Elyvilon
Fedhas
Hepliaklqana
Makhleb
Wu Jian
Yredelemnul

Shops:
D:5 =?%?


Innate Abilities, Weirdness & Mutations

You can breathe wild blasts of lightning.
Your glossy black scales are hard. (AC +6)
You cannot fit into any form of body armour.
You are resistant to electric shocks. (rElec)
You are cold-blooded and may be slowed by cold attacks.
Your life essence is reduced to manifest your ancestor. (-10% HP)


Message History

You closely miss the wight.
Your tail-slap misses the wight.
The wight is almost destroyed.
The wight hits you with a +4 short sword.
* * * LOW HITPOINT WARNING * * *
You feel drained.
* * * LOW HITPOINT WARNING * * *
Okay, then.
You breathe a wild blast of lightning!
The zap hits the wight!
You destroy the wight!
Base training target 4.0 for Shields reached!
Your base Shields skill increases to level 4!
Your base Ice Magic skill increases to level 8!
The zap misses the wight.
The orb of electricity explodes!
The orb of electricity engulfs you. You resist.
* * * LOW HITPOINT WARNING * * *
You are feeling very hungry.
It was a potion of brilliance.
You feel clever all of a sudden. The wight hits you with a +5 scimitar!
You die...

.z# #.##.# # ..# #.##.#####
#z# #.##...... #)# #.########
###)# #..# ## #...# ##.# ##.
#..## ##..# ##..
..####...###########...####...
.......[....z@............+...
...#.#.#.###########...####...
. #.#.#.# ##..## ##.. # #.#.#
##..# ##. ...## ##.# ## ###
#.# # ####.##### #........#
#.##.###.##


You could see a wight.

Vanquished Creatures
  2 orc warriors
  A necrophage (D:6)
  A centaur (D:7)
  2 ogres
  A wyvern skeleton (D:6)
  4 wights (D:8)
  2 crimson imps
  2 orc priests (D:5)
  2 hounds
  A centaur skeleton (D:4)
  2 orc wizards (D:6)
  4 worker ants
  A hound skeleton (D:6)
  A howler monkey skeleton (D:4)
  4 adders
  3 hexers
  An ooze (D:1)
  An adder skeleton (D:3)
  5 dart slugs
  A worm (D:2)
  8 leopard geckos
  8 orcs
  A ball python (D:1)
  3 giant cockroaches
  A gnoll zombie (D:3)
  7 goblins
  7 hobgoblins
  3 quokkas
  6 bats
  3 frilled lizards
  8 kobolds
  6 rats
102 creatures vanquished.

Vanquished Creatures (collateral kills)
  2 ogres
  A bullfrog (D:7)
  A centaur zombie (D:6)
  2 hounds
  A bullfrog skeleton (D:6)
  An orc wizard (D:7)
  3 worker ants
  An adder (D:6)
  A worm (D:4)
  4 orcs
  2 bats (D:3)
  A gnoll zombie (D:3)
  A hobgoblin (D:3)
21 creatures vanquished.

Vanquished Creatures (others)
  An ancestor (D:3)
  2 hexers
3 creatures vanquished.

Grand Total: 126 creatures vanquished

Notes
Turn   | Place    | Note
-------+----------+-------------------------------------------
     0 | D:1      | FishyPogo the Draconian Ice Elementalist began the quest
                  | for the Orb.
     0 | D:1      | Reached XP level 1. HP: 14/14 MP: 3/3
   216 | D:1      | Reached XP level 2. HP: 16/20 MP: 1/5
   220 | D:1      | Learned a level 2 spell: Throw Frost
   625 | D:1      | Reached XP level 3. HP: 22/26 MP: 0/6
   949 | D:2      | Found a blossoming altar of Fedhas.
   996 | D:2      | Found an ornate altar of the Wu Jian Council.
  1478 | D:2      | Reached skill level 4 in Ice Magic
  1478 | D:2      | Reached XP level 4. HP: 11/33 MP: 0/7
  1547 | D:2      | Learned a level 4 spell: Summon Ice Beast
  2101 | D:3      | Found a faded altar of an unknown god.
  2116 | D:3      | Became a worshipper of Hepliaklqana the Forgotten
  2116 | D:3      | Reached * piety under Hepliaklqana
  2487 | D:3      | Found a basalt altar of Yredelemnul.
  2766 | D:4      | Reached ** piety under Hepliaklqana
  2767 | D:4      | Remembered your ancestor Yayatum as a hexer
  2774 | D:4      | Noticed an ogre
  2918 | D:4      | Noticed an ogre
  2926 | D:4      | Killed an ogre
  2926 | D:4      | Reached skill level 1 in Summonings
  2926 | D:4      | Reached XP level 5. HP: 17/34 MP: 0/9
  3468 | D:4      | Reached XP level 6. HP: 35/40 MP: 3/10
  3766 | D:4      | Reached skill level 5 in Ice Magic
  3883 | D:5      | Entered Level 5 of the Dungeon
  3897 | D:5      | Found Hahint's Magic Scroll Shoppe.
  3901 | D:5      | Bought a scroll of remove curse for 36 gold pieces
  3901 | D:5      | Bought a scroll of identify for 24 gold pieces
  3901 | D:5      | Bought a scroll of fear for 42 gold pieces
  4094 | D:5      | Found Xarautei's Magic Scroll Emporium.
  4099 | D:5      | Reached *** piety under Hepliaklqana
  4140 | D:5      | Found Ynefaop's Jewellery Emporium.
  4141 | D:5      | Found Caviy's Food Shoppe.
  4156 | D:5      | Your scales start taking on a glossy black colour.
  4156 | D:5      | Reached XP level 7. HP: 45/45 MP: 3/11
  4156 | D:5      | Gained mutation: You are resistant to electric shocks.
                  | (rElec) [Black Draconian growth]
  4694 | D:6      | Reached skill level 6 in Ice Magic
  5255 | D:6      | Found a burning altar of Makhleb.
  5342 | D:7      | Reached XP level 8. HP: 48/51 MP: 12/12
  5435 | D:7      | Found a staircase to the Ecumenical Temple.
  5435 | D:7      | Reached **** piety under Hepliaklqana
  5563 | D:7      | Found a white marble altar of Elyvilon.
  5604 | D:7      | Reached skill level 5 in Summonings
  5635 | D:7      | Reached skill level 1 in Shields
  5835 | D:7      | Reached skill level 7 in Ice Magic
  6402 | D:8      | Reached skill level 8 in Ice Magic
  6403 | D:8      | Mangled by a wight

Levels and vault maps discovered:
D:1:      dpeg_arrival_round_a, layout_loops_ring
D:2:      layout_basic, marbit_many_paths, overflow_temple_1_default
D:3:      layout_basic, lemuel_zombie_altar_yredelemnul,
          chequers_ecumenical_altar_simple_redux
D:4:      layout_basic, first_ration
D:5:      layout_basic, serial_shops, shop_statue, shop, shop, shop
D:6:      layout_cave_pods, makhleb_blood_cavern_becter
D:7:      layout_basic, kennysheep_mini, minmay_temple_entry_mini_moons,
          grunt_ogre_cave
D:8:      layout_loops_corners, uniq_psyche

Skill      XL: |  1  2  3  4  5  6  7  8 |
---------------+-------------------------+-----
Stealth        | 2 |  2.0
Dodging        | 2 3 4 |  4.1
Ice Magic      | 4 5 6 8 |  8.0
Spellcasting   | 3 |  3.2
Summonings     | 1 2 3 4 5 |  5.0
Shields        | 4 |  4.0
Conjurations   | |  1.0

Action                   |  1- 3 |  4- 6 |  7- 9 || total
-------------------------+-------+-------+-------++-------
Melee: Unarmed           |    46 |       |       ||    46
       Tailslap          |     2 |    12 |    11 ||    25
       Dagger            |       |    54 |    34 ||    88
       Short sword       |       |    40 |    37 ||    77
 Cast: Freeze            |    60 |    23 |    22 ||   105
       Throw Frost       |     5 |    26 |    29 ||    60
Invok: Ancestor Life: He |       |     1 |       ||     1
 Abil: Breathe Lightning |       |       |     6 ||     6
  Use: Potion            |     2 |     1 |     1 ||     4
       Scroll            |       |     7 |       ||     7
 Stab: Sleeping          |     2 |     1 |       ||     3
       Distracted        |       |       |     2 ||     2
       Confused          |       |       |     2 ||     2
  Eat: Chunk             |     3 |     9 |     9 ||    21
Armor: Skin              |    26 |    30 |    11 ||    67
Dodge: Dodged            |    58 |    69 |    48 ||   175
